 Dungeon Crawl Stone Soup version 0.31-a0-479-g91c9547826 (webtiles) character file.

Game seed: 10731878489881121139

799 Bnni the Digger (level 8, -2/58 HPs)
             Began as a Formicid Earth Elementalist on Aug 7, 2023.
             Slain by a kobold brigand
             ... wielding a +0 short sword
              (5 damage)
             ... on level 6 of the Dungeon.
             The game lasted 00:06:56 (4905 turns).

Bnni the Digger (Formicid Earth Elementalist)       Turns: 4905, Time: 00:06:57

Health: -2/58      AC:  5    Str: 12    XL:     8   Next: 13%
Magic:  12/15      EV: 10    Int: 18    God:
Gold:   379        SH:  0    Dex: 14    Spells: 6/16 levels left

rFire   . . .        o - staff of earth
rCold   . . .        (no shield)
rNeg    . . .        a - +0 ring mail
rPois   .            (helmet unavailable)
rElec   .            (no cloak)
rCorr   .            (no gloves)
SInv    +            (no boots)
Will    +....        (no amulet)
Stlth   +            (no ring)
HPRegen 0.29/turn    (no ring)
MPRegen 0.14/turn

%: no passive effects
@: lethally poisoned (-2 -> -6), enlightened, flying, invisible
A: permanent stasis, dig shafts and tunnels, antennae 3, four strong arms
a: Dig, Shaft Self


You were on level 6 of the Dungeon.
You visited 1 branch of the dungeon, and saw 6 of its levels.

You collected 379 gold pieces.

Inventory:

Missiles
 u - 10 poisoned darts
Armour
 a - a +0 ring mail (worn)
 z - a +0 plate armour
Magical Staves
 o - a staff of earth (weapon)
Wands
 w - a wand of charming (10)
 y - a wand of flame (15)
Scrolls
 g - 2 scrolls of revelation {unknown}
 h - 3 scrolls of identify {unknown}
 i - 3 scrolls of teleportation {unknown}
 k - 2 scrolls of enchant weapon {unknown}
 l - a scroll of summoning {unknown}
 m - 2 scrolls of fear {unknown}
 n - 2 scrolls of amnesia {unknown}
 p - 3 scrolls of brand weapon {unknown}
 q - 4 scrolls of enchant armour {unknown}
 s - 2 scrolls of noise {unknown}
 v - a scroll of blinking {unknown}
Potions
 b - a potion of magic
 c - a potion of invisibility
 d - a potion of attraction {unknown}
 e - 2 potions of curing {unknown}
 f - 3 potions of enlightenment
 j - 2 potions of heal wounds {unknown}
 r - a potion of mutation {unknown}
 t - a potion of might {unknown}
 x - a potion of haste {unknown}


   Skills:
 + Level 3.1 Fighting
 + Level 1.1 Armour
 - Level 1.7 Dodging
 - Level 2.4 Stealth
 * Level 4.8 Spellcasting
 - Level 3.0 Conjurations
 - Level 3.0 Transmutations
 * Level 6.6 Earth Magic


You had 6 spell levels left.
You knew the following spells:

 Your Spells              Type           Power      Damage    Failure   Level
a - Sandblast             Erth           84%        2d18      1%          1
b - Passwall              Tmut/Erth      26%        N/A       6%          2
c - Stone Arrow           Conj/Erth      64%        3d11      13%         3
d - Petrify               Tmut/Erth      32%        N/A       38%         4

Your spell library contained the following spells:

 Spells                   Type           Power      Damage    Failure   Level
 Freeze                   Ice            16%        1d4       30%         1
 Hailstorm                Conj/Ice       9%         3d4       45%         3
 Leda's Liquefaction      Hex/Erth       12%        N/A       61%         4
 Call Canine Familiar     Summ           4%         N/A       67%         3
 Frozen Ramparts          Ice            8%         1d2       67%         3
 Portal Projectile        Hex/Tloc       8%         N/A       67%         3
 Summon Ice Beast         Ice/Summ       4%         N/A       97%         4
 Summon Mana Viper        Hex/Summ       4%         N/A       100%        5
 Monstrous Menagerie      Summ           2%         N/A       100%        7


Dungeon Overview and Level Annotations

Branches:
Dungeon (6/15)
 Temple: D:4-7

Altars:
Makhleb

Annotations:
D:3 3 runed translucent doors, Ethylacetat's ghost, amateur OpSh


Innate Abilities, Weirdness & Mutations

You cannot be hasted, slowed, berserked, paralysed or teleported.
You can dig through walls and to a lower floor.
You have a pair of large antennae on your head. (SInv)
Your four strong arms can wield two-handed weapons with a shield.


Message History

You feel extremely sick.
Aiming: Sandblast (safe; 1% risk of failure)
Press: ? - help, Q - select action, (/) - cycle Shift-Dir - straight line, f - kobold brigand
Aim: a kobold brigand, wielding a +0 short sword and quivering curare-tipped darts (81% to hit)
You feel a surge of power!
The blast of sand hits the kobold brigand!
The kobold brigand is heavily wounded.
You feel very sick.
The kobold brigand hits you with a +0 short sword. x2
* * * LOW HITPOINT WARNING * * *
Aiming: Sandblast (safe; 1% risk of failure)
Press: ? - help, Q - select action, (/) - cycle Shift-Dir - straight line, f/p - kobold brigand
Aim: a kobold brigand, wielding a +0 short sword and quivering curare-tipped darts (heavily wounded, 81% to hit)
You feel a surge of power!
The blast of sand hits the kobold brigand.
The kobold brigand is severely wounded.
* * * LOW HITPOINT WARNING * * *
You feel very sick.
The kobold brigand hits you with a +0 short sword.
* * * LOW HITPOINT WARNING * * *
The kobold hits you with a +0 whip.
* * * LOW HITPOINT WARNING * * *
It was a potion of enlightenment.
You feel very buoyant.
You fly up into the air.
* * * LOW HITPOINT WARNING * * *
You feel sick.
The kobold brigand hits you with a +0 short sword.
* * * LOW HITPOINT WARNING * * *
The kobold barely misses you.
Press: ? - help, v - describe, . - travel
Here: a kobold brigand, wielding a +0 short sword and quivering curare-tipped darts (severely wounded)
The floor.
Unknown command.
It was a potion of invisibility.
You fade into invisibility!
* * * LOW HITPOINT WARNING * * *
You feel sick.
The kobold brigand hits you with a +0 short sword.
You die...

...# .... .... ..#
.... #...
###.####..#.#
##...#####.#.......#.#
#........#...........#
#........#...........#
#........#...>.......#
+....KK..#...........#
#@.##..##..####'#
##..##..##..####.##
#.............#....
#.............+..).
+.............#..).
##########...###..#
##...###..#
#......)...
+..........


You could see a kobold brigand (unable to see you) and a kobold (unable to see
you).

Vanquished Creatures
  An orc warrior (D:6)
  An ice beast (D:5)
  An ogre (D:3)
  A bullfrog (D:6)
  A scorpion (D:5)
  2 jellies
  Jessica (D:2)
  An orc wizard (D:6)
  8 gnolls (D:5)
  7 adders
  An ufetubus (D:6)
  3 worms
  5 dart slugs
  10 orcs
  9 ball pythons
  7 endoplasms
  2 giant cockroaches (D:1)
  17 goblins
  10 hobgoblins
  6 jackals
  5 quokkas
  7 bats
  A frilled lizard (D:1)
  10 kobolds
  6 rats
123 creatures vanquished.

Notes
Turn   | Place    | Note
-------+----------+-------------------------------------------
     0 | D:1      | Bnni the Formicid Earth Elementalist began the quest for
                  | the Orb.
     0 | D:1      | Reached XP level 1. HP: 13/13 MP: 3/3
   240 | D:1      | Reached XP level 2. HP: 19/19 MP: 1/5
   629 | D:1      | Reached XP level 3. HP: 25/25 MP: 4/6
   710 | D:1      | Reached skill level 4 in Earth Magic
  1129 | D:2      | Reached skill level 1 in Conjurations
  1129 | D:2      | Reached XP level 4. HP: 31/31 MP: 3/7
  1157 | D:2      | Reached skill level 1 in Fighting
  1170 | D:2      | Learned a level 2 spell: Passwall
  1174 | D:2      | Learned a level 3 spell: Stone Arrow
  1294 | D:2      | Noticed Jessica
  1297 | D:2      | Killed Jessica
  1416 | D:2      | Reached XP level 5. HP: 37/37 MP: 7/9
  1510 | D:2      | Found a faded altar of an unknown god.
  1806 | D:3      | Found a burning altar of Makhleb.
  2122 | D:3      | Found a runed translucent gate.
  2133 | D:3      | Found a runed translucent gate.
  2145 | D:3      | Found a runed translucent gate.
  2145 | D:3      | Noticed Ethylacetat's ghost (amateur OpSh)
  2150 | D:3      | Noticed a kobold brigand
  2318 | D:3      | Learned a level 4 spell: Petrify
  2326 | D:3      | Noticed an ogre
  2339 | D:3      | Killed an ogre
  2340 | D:3      | Reached XP level 6. HP: 40/43 MP: 2/11
  2643 | D:4      | Reached skill level 5 in Earth Magic
  3505 | D:5      | Entered Level 5 of the Dungeon
  3759 | D:5      | Reached XP level 7. HP: 45/50 MP: 5/12
  4298 | D:5      | Reached skill level 6 in Earth Magic
  4737 | D:6      | Reached XP level 8. HP: 56/57 MP: 7/15
  4859 | D:6      | Reached skill level 1 in Armour
  4905 | D:6      | Slain by a kobold brigand

Illustrated notes

Levels and vault maps discovered:
D:1:      minmay_arrival_three_doors, layout_basic, minmay_misc_feat_plants,
          kennysheep_boxes
D:2:      layout_rooms, dreamdust_ecumenical_altar_statues, uniq_jessica
D:3:      layout_loops_ring, lightli_temple_of_fire,
          gammafunk_ghost_nasty_kobolds, minmay_ogre_servants
D:4:      layout_gridville, nrook_mini_vaults
D:5:      layout_loops_corners
D:6:      layout_gridville, minmay_temple_entry_offerings, dreamdust_gnoll_farm,
          uniq_maggie, uniq_duvessa

Skill      XL: |  1  2  3  4  5  6  7  8 |
---------------+-------------------------+-----
Earth Magic    | 4 5 6 |  6.6
Transmutations | 2 3 |  3.0
Conjurations   | 1 2 3 |  3.0
Fighting       | 1 2 3 |  3.1
Spellcasting   | 3 4 |  4.8
Armour         | 1 |  1.1
Dodging        | |  1.7
Stealth        | |  2.4

Action                     |  1- 3 |  4- 6 |  7- 9 || total
---------------------------+-------+-------+-------++-------
  Melee: Whip              |     1 |     9 |       ||    10
         Staff             |       |     1 |       ||     1
   Cast: Sandblast         |    40 |    76 |    57 ||   173
    Use: Potion            |       |       |     2 ||     2
   Stab: Sleeping          |     1 |       |       ||     1
 Armour: Robe              |     2 |       |       ||     2
         Leather armour    |       |     4 |       ||     4
         Ring mail         |       |     2 |     7 ||     9
  Dodge: Dodged            |    10 |    17 |    18 ||    45

Table legend: (Time is in decaauts)
 A = Elapsed time spent in this place.
 B = Non-inter-level travel time spent in this place.
 C = Inter-level travel time spent in this place.
 D = Time resting spent in this place.
 E = Time spent auto-exploring this place.
 F = Levels seen in this place.
 G = Mean time per level.
                   A        B        C        D        E       F      G
               +--------+--------+--------+--------+--------+-----+--------+
         Total |   4990 |   4889 |    101 |     67 |   4074 |   6 |  831.7 |
       Dungeon |   4990 |   4889 |    101 |     67 |   4074 |   6 |  831.7 |
               +--------+--------+--------+--------+--------+-----+--------+

Top non-repeatable levels by time:
     D:5: 1176 daAuts
     D:3: 1066 daAuts
     D:1: 1044 daAuts
     D:4: 925 daAuts
     D:2: 522 daAuts
     D:6: 255 daAuts
